 Dungeon Sprint DCSS version 0.17-a0-1719-g1afd5a1 (webtiles) character file.

4 Kidiri the Chopper (level 1, -1/18 HPs)
             Began as a Minotaur Gladiator on Aug 28, 2015.
             Was an Initiate of Okawaru.
             Slain by a river rat (8 damage)
             ... in the Dungeon (Sprint VII: "The Pits").
             The game lasted 00:01:11 (105 turns).

Kidiri the Chopper (Minotaur Gladiator)              Turns: 105, Time: 00:01:11

Health: -1/18      AC:  3    Str: 19    XL:     1   Next: 50%
Magic:  0/0        EV: 12    Int:  5    God:    Okawaru [......]
Gold:   0          SH:  0    Dex: 10    Spells: 0 memorised, 0 levels left

rFire  . . .     SeeInvis .     l - +2 hand axe
rCold  . . .     Clarity  .     b - +0 leather armour
rNeg   . . .     SustAt   .     (no shield)
rPois  .         Gourm    .     c - +0 hat
rElec  .         Spirit   .     (no cloak)
rCorr  .         Warding  .     (no gloves)
rMut   .         NoTele   +     (no boots)
MR     .....                    (no amulet)
Stlth  +.........               (no ring)
                                (no ring)

@: not resistant to hostile enchantments, very unstealthy
A: retaliatory headbutt, horns 2
a: Renounce Religion


You were in the Dungeon.
You worshipped Okawaru.
Okawaru was noncommittal.
You were not hungry.

You visited 1 branch

Inventory:

Hand weapons
 a - a +0 war axe
 l - a +2 hand axe (weapon)
Missiles
 d - 3 throwing nets (quivered)
Armour
 b - a +0 leather armour (worn)
 c - a +0 hat (worn)
Scrolls
 k - a scroll of blinking
Potions
 f - a potion of curing
 g - a potion of heal wounds
 h - a potion of haste
 i - 2 potions of magic
 j - a potion of berserk rage
Comestibles
 e - a bread ration


   Skills:
 + Level 2.8 Fighting
 * Level 4.1 Axes
 + Level 2.2 Throwing
 * Level 1.4 Armour
 * Level 3.7 Dodging
 + Level 0.0 Invocations


You couldn't memorise any spells.
You didn't know any spells.

Dungeon Overview and Level Annotations

Branches:
Dungeon (1/1)

Altars:
Ashenzari
Cheibriados
Dithmenos
Elyvilon
Fedhas
Gozag
Kikubaaqudgha
Makhleb
Nemelex Xobeh
Okawaru
Qazlal
Ru
Sif Muna
Trog
Vehumet
Xom
Yredelemnul
Zin
The Shining One
Beogh
Jiyva
Lugonu


Innate Abilities, Weirdness & Mutations

You reflexively headbutt those who attack you in melee.
You have a pair of horns on your head.


Message History

There is an open door here.
You close the door.
You start resting.
HP restored.
You open the door.
A river rat comes into view.
The river rat bites you.
There is an open door here.
You closely miss the river rat. The river rat bites you.
You hit the river rat.
The river rat is moderately wounded.
The river rat bites you. The river rat closely misses you.
You furiously retaliate!
You headbutt the river rat. You hit the river rat.
The river rat is almost dead.
The river rat bites you but does no damage.
You barely miss the river rat. Your headbutt misses the river rat.
The river rat is almost dead.
The river rat bites you!
You die...

############
#__________#
#__________#
#.#####+##############++
#_#)))+.+ #...........
#_#).)#.# #......#..#.
#######+#####...........
#...........'...........
#+#####@#####......#..#.
#.r# #........... +..+
####+#####++ ####
#.......# #.......#
#.......# #...<...#
#.......# #.......#


You could see a river rat.

Vanquished Creatures
  An adder zombie (D)
1 creature vanquished.

Notes
Turn   | Place    | Note
--------------------------------------------------------------
     0 | D        | Kidiri the Minotaur Gladiator began the quest for the Orb.
     0 | D        | Reached XP level 1. HP: 18/18 MP: 0/0
    20 | D        | Reached skill level 4 in Axes
    20 | D        | Reached skill level 1 in Armour
    50 | D        | Found a sacrificial altar of Ru.
    50 | D        | Found a basalt altar of Yredelemnul.
    50 | D        | Found a shadowy altar of Dithmenos.
    50 | D        | Found a deep blue altar of Sif Muna.
    50 | D        | Found a burning altar of Makhleb.
    50 | D        | Found a shimmering altar of Xom.
    50 | D        | Found an ancient bone altar of Kikubaaqudgha.
    50 | D        | Found a sparkling altar of Nemelex Xobeh.
    51 | D        | Found a glowing golden altar of the Shining One.
    51 | D        | Found a bloodstained altar of Trog.
    51 | D        | Found a shattered altar of Ashenzari.
    51 | D        | Found a white marble altar of Elyvilon.
    51 | D        | Found a snail-covered altar of Cheibriados.
    51 | D        | Found a blossoming altar of Fedhas.
    51 | D        | Found a radiant altar of Vehumet.
    51 | D        | Found a glowing silver altar of Zin.
    51 | D        | Found a corrupted altar of Lugonu.
    51 | D        | Found a viscous altar of Jiyva.
    51 | D        | Found a roughly hewn altar of Beogh.
    51 | D        | Found an iron altar of Okawaru.
    57 | D        | Found a stormy altar of Qazlal.
    57 | D        | Found an opulent altar of Gozag.
    60 | D        | Became a worshipper of Warmaster Okawaru
   105 | D        | Slain by a river rat

Vault maps used:
D:        pitsprint

Action                   || total
-------------------------++-------
Melee: War axe           ||     7
       Hand axe          ||     4
